 Dungeon Crawl Stone Soup version 0.30-a0-358-g0d69a1922f (webtiles) character file.

Game seed: 11198034817973743543

4352 Maxmaps the Magician (level 10, -5/69 HPs)
             Began as an Octopode Transmuter on Nov 11, 2022.
             Was an Initiate of Gozag.
             Shot with an arrow by a centaur warrior (18 damage)
             ... on level 9 of the Dungeon.
             The game lasted 00:14:44 (11247 turns).

Maxmaps the Magician (Octopode Transmuter)         Turns: 11247, Time: 00:14:44

Health: -5/69      AC:  2    Str: 11    XL:     10   Next: 34%
Magic:  17/19      EV: 23    Int: 25    God:    Gozag
Gold:   515        SH:  0    Dex: 17    Spells: 14/22 levels left

rFire   + . .      SeeInvis .      - Unarmed
rCold   . . .      Faith    .    (shield currently unavailable)
rNeg    . . .      Spirit   .    (helmet currently unavailable)
rPois   .          Reflect  .    (no amulet)
rElec   .          Harm     .    m - +6 ring of intelligence
rCorr   .          Rampage  .    s - ring of poison resistance
Will    .....                    y - ring of protection from fire
Stlth   ++........               (no ring)
HPRegen 0.31/turn                (no ring)
MPRegen 0.16/turn                (no ring)
                                 (no ring)
                                 (no ring)

@: spider-form
A: venomous fangs, almost no armour, (amphibious), 8 rings, tiny, (camouflage
1), (gelatinous body 1), (nimble swimmer 1), (tentacles)
a: End Transformation, Renounce Religion, Potion Petition, Call Merchant, Bribe
Branch


You were on level 9 of the Dungeon.
You worshipped Gozag.
Gozag was pleased with you.
You were a venomous arachnid creature.
You visited 2 branches of the dungeon, and saw 10 of its levels.

You collected 935 gold pieces.
You spent 300 gold pieces at shops.
You paid 120 gold pieces to Gozag.

Inventory:

Armour
 d - the +0 buckler of the Centipede (melded) {Int+2 Slay+2}
   (You acquired it on level 8 of the Dungeon)

   Int:       It affects your intelligence (+2).
   Slay:      It affects your accuracy & damage with ranged weapons and melee
   (+2).
Jewellery
 m - a +6 ring of intelligence (left front leg)
 s - a ring of poison resistance (right front leg)
 y - a ring of protection from fire (on tentacle)
Wands
 z - a wand of iceblast (1)
Scrolls
 c - 3 scrolls of fear
 f - a scroll of torment {unknown}
 g - a scroll of enchant armour {unknown}
 h - 3 scrolls of immolation
 j - 3 scrolls of enchant weapon
 o - 2 scrolls of teleportation
 p - a scroll of magic mapping {unknown}
 q - 4 scrolls of blinking
 v - a scroll of summoning {unknown}
Potions
 a - 3 potions of lignification
 b - 3 potions of haste
 e - 3 potions of brilliance
 i - a potion of degeneration {unknown}
 k - 2 potions of magic
 l - a potion of ambrosia {unknown}
 n - 2 potions of heal wounds
 r - 2 potions of berserk rage {unknown}
 t - a potion of curing {unknown}
 u - a potion of attraction {unknown}
 w - 3 potions of mutation {unknown}
 x - a potion of flight {unknown}
 A - a potion of invisibility {unknown}


   Skills:
 - Level 6.3 Fighting
 - Level 6.1 Dodging
 - Level 5.1 Shields
 - Level 6.0 Unarmed Combat
 - Level 6.5 Spellcasting
 - Level 5.2 Transmutations
 + Level 2.4 Ice Magic
 - Level 3.2 Poison Magic


You had 14 spell levels left.
You knew the following spells:

 Your Spells              Type           Power      Damage    Failure   Level
a - Beastly Appendage     Tmut           68%        N/A       4%          1
b - Spider Form           Tmut/Pois      29%        N/A       12%         3
c - Ice Form              Ice/Tmut       27%        N/A       32%         4

Your spell library contained the following spells:

 Spells                   Type           Power      Damage    Failure   Level
 Wereblood                Tmut           34%        N/A       6%          2
 Slow                     Hex            32%        N/A       19%         1
 Frozen Ramparts          Ice            40%        1d7       21%         3
 Call Canine Familiar     Summ           8%         N/A       43%         3
 Confusing Touch          Hex            8%         N/A       43%         3
 Dazzling Flash           Conj/Hex       16%        N/A       43%         3
 Portal Projectile        Hex/Tloc       16%        N/A       43%         3
 Vampiric Draining        Necr           8%         2d6       43%         3
 Summon Ice Beast         Ice/Summ       14%        N/A       61%         4
 Leda's Liquefaction      Hex/Erth       4%         N/A       77%         4
 Agony                    Necr           8%         N/A       97%         5
 Silence                  Hex/Air        4%         N/A       97%         5
 Conjure Ball Lightning   Conj/Air       4%         3x3d6     100%        6
 Discord                  Hex            4%         N/A       100%        8
 Disjunction              Tloc           4%         N/A       100%        8


Dungeon Overview and Level Annotations

Branches:
Dungeon (9/15)             Temple (1/1) D:7
   Lair: D:8-11         Orc: D:9-12

Altars:
Cheibriados
Dithmenos
Elyvilon
Fedhas
Gozag
Hepliaklqana
Kikubaaqudgha
Makhleb
Nemelex Xobeh
Okawaru
Qazlal
Ru
Sif Muna
Trog
Uskayaw
Vehumet
Wu Jian
Xom
Yredelemnul
Zin
The Shining One

Shops:
D:8 *


Innate Abilities, Weirdness & Mutations

You are a venomous arachnid creature.
You have poisonous fangs.
You are tiny and dextrous.
Your spellcasting is less reliable in this form.
Your armour is entirely melded.
You are incapable of wielding weapons or throwing items.
You cannot wear most types of armour.
((You are amphibious.))
You can wear up to eight rings at the same time.
((Your skin changes colour to match your surroundings (Stealth+).))
((Your rubbery body absorbs attacks. (AC +1, EV +1)))
((You are camouflaged when in or above water. (Stealth+)))
((You have tentacles for arms and can constrict up to eight enemies at once.))


Message History

You are too injured to fight recklessly!
The yak attacks as you move away! The yak closely misses you.
The yak is distracted by your dazzling golden aura.
The yak looks more healthy.
The yak is no longer distracted by gold.
The yak is distracted by your dazzling golden aura.
The yak attacks as you move away! The yak closely misses you.
Your transformation has ended.
The +0 buckler of the Centipede {Int+2 Slay+2} unmelds from your body.
The yak bellows!
You tentacle-slap the yak but do no damage.
The yak is severely wounded.
The yak is distracted by your dazzling golden aura. x2
The yak is no longer distracted by gold.
The yak is distracted by your dazzling golden aura.
You start resting.
A yak is nearby!
A yak is nearby!
Casting: Spider Form (dangerous; 4% risk of failure)
Confirm with . or Enter, or press ? or * to list all spells.
You turn into a venomous arachnid creature.
The +0 buckler of the Centipede {Int+2 Slay+2} melds into your body.
You bite the yak!
The yak is poisoned.
The yak is lightly wounded.
The yak gores you.
You bite the yak!
The yak looks as sick as possible!
The yak is moderately wounded.
The yak gores you!
* * * LOW HITPOINT WARNING * * *
You hit the yak but do no damage.
The yak is moderately wounded.
You hit the yak but do no damage.
The yak is moderately wounded.
The yak misses you.
A centaur warrior comes into view. It is wielding a +0 dagger.
The centaur warrior unwields a +0 dagger.
The centaur warrior wields a +0 shortbow.
The centaur warrior shoots an arrow.
The arrow hits you!!
You die...
Your body crumbles into a pile of gold.

########## #..<.....#
#.######.# ########### #
#.###########.........#
#.###.#......s.Y..#######.#
#.........##.........# #.#
#.###.#.....#.###c###.# #.#
#.#.......# #.###.###.#
#.#.......# #.........#
..#....#### #.###.#####
######.# #.# #.# #)######.#
#.###### ##).......#
#......#


You could see a centaur warrior and a yak (extremely poisoned).

Vanquished Creatures
  4 yaks
  A wyvern (D:8)
  A water moccasin (D:6)
  2 sky beasts (D:8)
  2 black bears
  7 orc warriors
  3 centaurs
  A phantom (D:5)
  3 kobold brigands
  4 bullfrogs
  4 necrophages
  4 scorpions
  3 hounds
  A jelly (D:5)
  10 orc priests
  4 iguanas
  Jessica (D:3)
  16 orc wizards
  3 gnolls (D:5)
  12 adders
  A shadow imp (D:5)
  2 worms (D:4)
  3 dart slugs
  53 orcs
  6 endoplasms
  5 giant cockroaches
  8 goblins
  8 hobgoblins
  3 quokkas
  8 ball pythons
  8 bats
  3 frilled lizards (D:3)
  21 kobolds
  2 rats
217 creatures vanquished.

Vanquished Creatures (others)
  7 fungi (D:8)
  39 plants (D:9)
46 creatures vanquished.

Grand Total: 263 creatures vanquished

Notes
Turn   | Place    | Note
-------+----------+-------------------------------------------
     0 | D:1      | Maxmaps the Octopode Transmuter began the quest for the
                  | Orb.
     0 | D:1      | Reached XP level 1. HP: 13/13 MP: 3/3
   119 | D:1      | Reached XP level 2. HP: 4/18 MP: 3/5
   811 | D:1      | Reached XP level 3. HP: 21/23 MP: 6/6
   815 | D:1      | Learned a level 3 spell: Spider Form
   976 | D:2      | Reached skill level 1 in Poison Magic
  1294 | D:2      | Reached XP level 4. HP: 16/28 MP: 7/7
  1971 | D:3      | Noticed Jessica
  1980 | D:3      | Killed Jessica
  1981 | D:3      | Reached XP level 5. HP: 11/33 MP: 8/8
  3228 | D:4      | Reached XP level 6. HP: 39/39 MP: 6/10
  3975 | D:5      | Entered Level 5 of the Dungeon
  4186 | D:5      | Reached XP level 7. HP: 12/48 MP: 9/11
  4442 | D:5      | Reached skill level 5 in Unarmed Combat
  4636 | D:5      | Learned a level 4 spell: Ice Form
  4678 | D:5      | Found an iron altar of Okawaru.
  5086 | D:5      | Reached XP level 8. HP: 36/54 MP: 9/12
  5832 | D:6      | Reached skill level 5 in Dodging
  5890 | D:6      | Found a shimmering altar of Xom.
  5891 | D:6      | Found a hazy altar of Hepliaklqana.
  5892 | D:6      | Noticed a spectral ugly thing
  6327 | D:6      | Found a shimmering blue altar of Sif Muna.
  6327 | D:6      | Found a blossoming altar of Fedhas.
  6327 | D:6      | Found a snail-covered altar of Cheibriados.
  6329 | D:6      | Found a hide-covered altar of Uskayaw.
  6580 | D:6      | Reached skill level 5 in Fighting
  6737 | D:6      | Reached XP level 9. HP: 59/61 MP: 10/13
  7100 | D:7      | Found a white marble altar of Elyvilon.
  7605 | D:7      | Reached skill level 5 in Spellcasting
  7785 | D:7      | Found a staircase to the Ecumenical Temple.
  7810 | Temple   | Entered the Ecumenical Temple
  7901 | Temple   | Became a worshipper of Gozag Ym Sagoz the Greedy
  8650 | D:8      | Found Iricao's Fire Supplies.
  8659 | D:8      | Bought a ring of protection from fire for 300 gold pieces
  8860 | D:8      | Identified a scroll of acquirement
  8860 | D:8      | Acquired the +0 buckler of the Centipede {Int+2 Slay+2}
  9078 | D:8      | Reached skill level 1 in Shields
  9339 | D:8      | Found an ornate altar of the Wu Jian Council.
  9375 | D:8      | Reached XP level 10. HP: 11/69 MP: 17/19
  9667 | D:8      | Reached skill level 5 in Shields
  9885 | D:8      | Found a bloodstained altar of Trog.
 10703 | D:9      | Reached skill level 5 in Transmutations
 10980 | D:9      | Reached skill level 1 in Ice Magic
 11246 | D:9      | Noticed a centaur warrior
 11247 | D:9      | Shot with an arrow by a centaur warrior

Illustrated notes

Levels and vault maps discovered:
D:1:      saegor_arrival_miasma, layout_loops_cross, roderic_serpentine_path
D:2:      layout_rooms, skrybe_limestone_x, minmay_pentomino_z2
D:3:      kennysheep_six_static_rooms, layout_loops_ring, uniq_jessica
D:4:      dreamdust_elfheim, layout_loops_corners
D:5:      layout_loops_ring, mainiacjoe_overflow_paths, minmay_misc_feat_hallway
D:6:      layout_loops_corners, regret_index_temple_of_mockery,
          grunt_temple_overflow_open, kennysheep_generic_room_8
D:7:      layout_basic, mainiacjoe_overflow_alcove_4, minmay_temple_entry_fiery
D:8:      layout_basic, mainiacjoe_overflow_chevrons, amcnicky_altar_gilded,
          hangedman_decor_riveting, nicolae_shop_fire_sale
          [nicolae_sub_dead_trees]
D:9:      nzn_winding_woodlands_large [nzn_winding_woodlands_5x5_default,
          nzn_winding_woodlands_5x15_pool, nzn_winding_woodlands_5x5_open_star,
          nzn_winding_woodlands_center_lodge,
          nzn_winding_woodlands_15x15_five_gardens,
          nzn_winding_woodlands_center_diamonds,
          nzn_winding_woodlands_5x5_three, nzn_winding_woodlands_5x15_longhouse,
          nzn_winding_woodlands_5x5_perimeter], layout_loops_corners,
          mainiacjoe_overflow_cross_hatched, serial_shops, shop
Temple:   jpeg_temple_clearing

Skill      XL: |  1  2  3  4  5  6  7  8  9 10 |
---------------+-------------------------------+-----
Transmutations | 3 4 5 |  5.2
Poison Magic   | 2 3 |  3.2
Spellcasting   | 3 6 |  6.5
Fighting       | 4 5 6 |  6.3
Unarmed Combat | 6 |  6.0
Dodging        | 6 |  6.1
Shields        | 4 5 |  5.1
Ice Magic      | 2 |  2.4

Action                   |  1- 3 |  4- 6 |  7- 9 | 10-12 || total
-------------------------+-------+-------+-------+-------++-------
Melee: Unarmed           |    68 |   195 |   368 |   107 ||   738
       Constrict         |    16 |    25 |     7 |     2 ||    50
       Tentacles         |    13 |    26 |     6 |       ||    45
       Punch             |     2 |     2 |     1 |       ||     5
       Kick              |     6 |    14 |       |       ||    20
 Cast: Beastly Appendage |     6 |    11 |       |       ||    17
       Spider Form       |       |    17 |    38 |    13 ||    68
  Use: Potion            |       |       |     1 |       ||     1
       Scroll            |       |       |    14 |       ||    14
 Stab: Sleeping          |     5 |     6 |     1 |       ||    12
       Distracted        |       |       |     1 |     1 ||     2
Armor: Skin              |     5 |    11 |    16 |       ||    32
Dodge: Dodged            |    41 |   130 |   314 |    95 ||   580
Block: Buckler           |       |       |       |     3 ||     3

Table legend: (Time is in decaauts)
 A = Elapsed time spent in this place.
 B = Non-inter-level travel time spent in this place.
 C = Inter-level travel time spent in this place.
 D = Time resting spent in this place.
 E = Time spent auto-exploring this place.
 F = Levels seen in this place.
 G = Mean time per level.
                   A        B        C        D        E       F      G
               +--------+--------+--------+--------+--------+-----+--------+
         Total |  11180 |  10857 |    323 |   2944 |   6162 |  10 | 1118.0 |
       Dungeon |  11022 |  10717 |    305 |   2944 |   6054 |   9 | 1224.7 |
        Temple |    157 |    139 |     18 |      0 |    108 |   1 |  157.0 |
               +--------+--------+--------+--------+--------+-----+--------+

Top non-repeatable levels by time:
     D:8: 1936 daAuts
     D:6: 1633 daAuts
     D:7: 1501 daAuts
     D:5: 1436 daAuts
     D:3: 1090 daAuts
     D:4: 1017 daAuts
     D:1: 939 daAuts
     D:2: 914 daAuts
     D:9: 554 daAuts
  Temple: 157 daAuts
